 Dungeon Crawl Stone Soup version 0.28.0-45-g0d030f2227 (webtiles) character file.

Game seed: 5620758047184869901

142 zeratav the Insei (level 5, 0/34 HPs)
             Began as an Octopode Transmuter on Apr 13, 2022.
             Killed from afar by an orc wizard (6 damage)
             ... with a magic dart
             ... on level 4 of the Dungeon.
             The game lasted 00:03:15 (3237 turns).

zeratav the Insei (Octopode Transmuter)             Turns: 3237, Time: 00:03:15

Health: 0/34       AC:  1    Str:  9    XL:     5   Next: 25%
Magic:  8/8        EV: 14    Int: 15    God:
Gold:   159        SH:  0    Dex: 15    Spells: 7/8 levels left

rFire   . . .      SeeInvis +   b - +2 mace (holy) {mace}
rCold   + . .      Faith    .   (no shield)
rNeg    . . .      Spirit   .   (helmet currently unavailable)
rPois   .          Reflect  .   (no amulet)
rElec   .          Harm     .   c - ring of see invisible
rCorr   .          Rampage  .   m - ring of protection from cold
Will    .....                   (no ring)
Stlth   ++........              (no ring)
HPRegen 0.11/turn               (no ring)
MPRegen 0.11/turn               (no ring)
                                (no ring)
                                (no ring)

@: confused, appendages (expiring)
A: tentacle spike 3, almost no armour, amphibious, 8 rings, camouflage 1,
gelatinous body 1, (nimble swimmer 1), tentacles
a: End Transformation


You were on level 4 of the Dungeon.
One of your tentacles had grown a beastly spike.
You visited 1 branch of the dungeon, and saw 4 of its levels.

You collected 159 gold pieces.


Innate Abilities, Weirdness & Mutations

One of your tentacles has grown a beastly spike.
You cannot wear most types of armour.
You are amphibious.
You can wear up to eight rings at the same time.
Your skin changes colour to match your surroundings (Stealth+).
Your rubbery body absorbs attacks. (AC +1, EV +1)
((You are camouflaged when in or above water. (Stealth+)))
You have tentacles for arms and can constrict up to eight enemies at once.


   Skills:
 + Level 2.2 Fighting
 + Level 2.9 Dodging
 + Level 2.8 Stealth
 * Level 4.3 Unarmed Combat
 - Level 2.0 Spellcasting
 - Level 2.0 Transmutations


You had 7 spell levels left.
You knew the following spells:

 Your Spells              Type           Power      Damage    Failure   Level
a - Beastly Appendage     Tmut           14%        N/A       10%         1

Your spell library contained the following spells:

 Spells                   Type           Power      Damage    Failure   Level
 Wereblood                Tmut           7%         N/A       14%         2
 Freeze                   Ice            4%         1d3       22%         1
 Spider Form              Tmut/Pois      4%         N/A       41%         3
 Frozen Ramparts          Ice            2%         1d2       54%         3
 Ice Form                 Ice/Tmut       4%         N/A       82%         4
 Hailstorm                Conj/Ice       1%         3d3       91%         4

Inventory:

Hand Weapons
 b - a +2 mace of holy wrath (weapon) {mace}
   (You found it on level 1 of the Dungeon)
Jewellery
 c - a ring of see invisible (left tentacle)
   (You found it on level 1 of the Dungeon)
 g - a ring of ice
   (You found it on level 2 of the Dungeon)
 m - a ring of protection from cold (right tentacle)
   (You found it on level 3 of the Dungeon)
Scrolls
 d - 4 scrolls of identify {unknown}
 f - 2 scrolls of enchant weapon {unknown}
 h - a scroll of brand weapon {unknown}
 i - a scroll of silence {unknown}
Potions
 a - a potion of cancellation {unknown}
 e - a potion of flight {unknown}
 j - a potion of lignification {unknown}
 k - 3 potions of brilliance {unknown}
 l - 2 potions of curing {unknown}
 n - a potion of heal wounds {unknown}
 o - a potion of ambrosia {unknown}
 p - a potion of might {unknown}

Dungeon Overview and Level Annotations

Branches:
Dungeon (4/15)
 Temple: D:4-7

Altars:
Okawaru
Vehumet

Shops:
D:1

( .#...#...#...#...#
#...#...#...#...#.# ###
..#...#.?.#...#...#...
#...#...#...#...#.#.###
..#...#...#...#........
#...#...#...#...#.#.
..#...#...#...#...######
#...#...#...#..#........
..#...#@..#.............
#...#.o.#......[...#....
#.$#..#oo#########.#.###
#. #....... ..#.# #
#......... ...#.###
#........... ...#.#..
#...............#.#..
#.##.####### #.#.. #.
... #.#..


You could see an orc wizard and 2 orcs.


Message History

Your tentacle spike disappears.
The orc shouts!
You hear a shout!
The orc shouts!
The orc closely misses you.
You hit the orc. Your grab misses the orc. The orc barely misses you.
The orc closely misses you.
You hit the orc. You grab the orc. You constrict the orc.
The orc completely misses you. The orc closely misses you. x2
You hit the orc. You squeeze the orc.
You kill the orc!
The orc misses you.
You hit the orc but do no damage. You grab the orc.
You constrict the orc, but do no damage.
The orc hits you with a +0 falchion. The orc closely misses you.
The orc hits you with a +0 falchion! The orc misses you.
HP[-12]
You take 12 damage, and now have 22/34 hp.
MASSIVE DAMAGE!! (PAUSE)
You hit the orc. You constrict the orc. The orc hits you with a +0 falchion.
The orc barely misses you.
You hit the orc. You constrict the orc.
You kill the orc!
The orc misses you. The orc closely misses you.
HP[-2]
You take 2 damage, and now have 20/34 hp.
You hit the orc. Your grab misses the orc. The orc hits you with a +0 falchion.
* * * LOW HITPOINT WARNING * * *
You are too injured to fight recklessly!
HP[-5]
You take 5 damage, and now have 15/34 hp.
You are too injured to fight recklessly!
You are too injured to fight recklessly!
You are too injured to fight recklessly!
You are too injured to fight recklessly!
You are too injured to fight recklessly!
You are too injured to fight recklessly!
You are too injured to fight recklessly!
You are too injured to fight recklessly!
You are too injured to fight recklessly!
You are too injured to fight recklessly!
You are too injured to fight recklessly!
You are too injured to fight recklessly!
You are too injured to fight recklessly!
You are too injured to fight recklessly!
You are too injured to fight recklessly!
You are too injured to fight recklessly!
You are too injured to fight recklessly!
You hit the orc but do no damage. You grab the orc.
You constrict the orc, but do no damage.
The orc hits you but does no damage.
You hit the orc but do no damage. You constrict the orc.
The orc completely misses you. The orc closely misses you.
HP[+1]
You hit the orc. You squeeze the orc.
You kill the orc!
Things that are here:
a +0 falchion {long}; a +0 ring mail; an orc corpse
Items here: )) [[ †.
HP[+18]
Your hp is fully restored (34).
An orc comes into view. It is wielding a +0 hand axe.
One of your tentacles grows a vicious spike.
MP[-1]
You lost 1 mp, and now have 7/8 mp.
An orc wizard comes into view. It is wielding a +0 dagger.
Your transformation is almost over.
The orc wizard shouts!
An orc comes into view. It is wielding a +0 flail.
The orc wizard casts a spell at you. The magic dart hits you.
HP[-5]
You take 5 damage, and now have 29/34 hp.
The orc wizard gestures at you while chanting.
You are confused.
You bump into the rock wall.
The orc misses you.
The orc wizard points at you and mumbles some strange words.
The puff of flame hits you!
HP[-11] MP[+1]
You take 11 damage, and now have 18/34 hp.
MASSIVE DAMAGE!! (PAUSE)
Your mp is fully restored (8).
You bump into the rock wall.
The orc closely misses you. The orc wizard barely misses you.
HP[+1]
You bump into the rock wall.
The orc wizard hits you with a +0 dagger.
HP[-1]
You take 1 damage, and now have 18/34 hp.
You bump into the rock wall.
The orc misses you.
The orc wizard hits you with a +0 dagger.
* * * LOW HITPOINT WARNING * * *
The orc hits you with a +0 flail.
* * * LOW HITPOINT WARNING * * *
HP[-7]
You take 7 damage, and now have 11/34 hp.
MASSIVE DAMAGE!! (PAUSE)
The orc hits you with a +0 hand axe.
* * * LOW HITPOINT WARNING * * *
The orc wizard points at you and mumbles some strange words.
The magic dart hits you.
You die...

Skill      XL: |  1  2  3  4 |
---------------+-------------+-----
Stealth        | 1 2 |  2.8
Unarmed Combat | 4 |  4.3
Fighting       | 2 |  2.2
Dodging        | |  2.9
Spellcasting   | |  2.0
Transmutations | |  2.0

Action                   |  1- 3 |  4- 6 || total
-------------------------+-------+-------++-------
Melee: Unarmed           |    18 |       ||    18
       Tentacles         |    12 |    10 ||    22
       Punch             |     2 |     1 ||     3
       Mace              |    43 |    50 ||    93
       Constrict         |    18 |    17 ||    35
       Kick              |     9 |    14 ||    23
 Cast: Beastly Appendage |    22 |    14 ||    36
 Stab: Sleeping          |     3 |     6 ||     9
Armor: Skin              |     3 |     4 ||     7
Dodge: Dodged            |    47 |    38 ||    85

Levels and vault maps discovered:
D:1:      sevenhm_arrival_forest_fort_small_6, layout_basic, serial_aquarium,
          aquarium_bridge_square [aquarium_subvault_bridge,
          aquarium_subvault_wall, aquarium_subvault_bridge,
          aquarium_subvault_wall], aquarium_window_fake, aquarium_window_1,
          aquarium_view_2a, aquarium_balcony_1b, serial_shops,
          nicolae_shop_window_shopping, hellmonk_ecumenical_altar_watching_god,
          hangedman_decor_growths, kennysheep_pointless_box
D:2:      layout_basic, uniq_jessica
D:3:      layout_basic, nicolae_vehumet_altar_sigil, minmay_goblin_kobold_house
D:4:      layout_basic, hex_large

Notes
Turn   | Place    | Note
-------+----------+-------------------------------------------
     0 | D:1      | zeratav the Octopode Transmuter began the quest for the
                  | Orb.
     0 | D:1      | Reached XP level 1. HP: 13/13 MP: 3/3
     0 | D:1      | magus.rc [v1.9.6]
     1 | D:1      | Found an iron altar of Okawaru.
   100 | D:1      | Found Nampal's Antique Weapon Shoppe.
   251 | D:1      | Reached XP level 2. HP: 18/18 MP: 0/5
   339 | D:1      | Reached skill level 1 in Stealth
   783 | D:1      | Found a faded altar of an unknown god.
   784 | D:1      | Noticed a great orb of eyes
   789 | D:1      | Noticed a floating eye
   792 | D:1      | Noticed a golden eye
   792 | D:1      | Noticed a golden eye
  1255 | D:2      | You pick up a book of Frost and begin reading...
  1255 | D:2      | You add the spells Freeze, Frozen Ramparts and Hailstorm to
                  | your library.
  1327 | D:2      | Reached XP level 3. HP: 23/23 MP: 4/6
  1735 | D:2      | Reached skill level 2 in Stealth
  1765 | D:2      | Noticed Jessica
  1773 | D:2      | Killed Jessica
  1774 | D:2      | Reached XP level 4. HP: 29/29 MP: 5/7
  1884 | D:3      | Found a radiant altar of Vehumet.
  1985 | D:3      | Reached skill level 4 in Unarmed Combat
  2173 | D:3      | Reached skill level 2 in Fighting
  2804 | D:3      | Reached XP level 5. HP: 32/34 MP: 6/8
  3237 | D:4      | HP: 6/34 [orc/+0 hand axe (5)]
  3237 | D:4      | Killed from afar by an orc wizard

Vanquished Creatures
  Jessica (D:2)
  4 adders
  An ufetubus (D:4)
  A worm (D:2)
  2 dart slugs
  10 orcs
  4 endoplasms
  5 hobgoblins
  5 jackals
  7 kobolds
  3 quokkas (D:2)
  2 ball pythons
  A bat (D:3)
  2 frilled lizards (D:1)
  7 goblins
  5 rats
60 creatures vanquished.

Table legend:
 A = Non-vault XP
 B = Vault XP
 C = Vault XP percentage of total XP
 D = Non-vault monster count
 E = Vault monster count
 F = Vault count percentage of total count
                 A         B        C        D         E       F
            +---------+---------+-------+---------+---------+-------
      Total |     159 |      45 |  22.1 |      55 |       5 |   8.3
            +---------+---------+-------+---------+---------+-------
        D:1 |      24 |       0 |   0.0 |      16 |       0 |   0.0
        D:2 |      50 |      37 |  42.5 |      16 |       1 |   5.9
        D:3 |      61 |       8 |  11.6 |      17 |       4 |  19.0
        D:4 |      24 |       0 |   0.0 |       6 |       0 |   0.0
            +---------+---------+-------+---------+---------+-------

Illustrated notes

Table legend:
 A = Kills in this place as a percentage of kills in entire the game.
 B = Kills by you in this place as a percentage of kills by you in the entire game.
 C = Kills by friends in this place as a percentage of kills by friends in the entire game.
 D = Other kills in this place as a percentage of other kills in the entire game.
 E = Experience gained in this place as a percentage of experience gained in the entire game.
 F = Experience gained in this place divided by the number of levels of this place that you have seen.
                   A       B       C       D       E      F
               +-------+-------+-------+-------+-------+----------------------
         Total | 100.0 | 100.0 |   N/A |   N/A | 100.0 |  51.0
       Dungeon | 100.0 | 100.0 |   N/A |   N/A | 100.0 |  51.0
               +-------+-------+-------+-------+-------+----------------------

Table legend: (Time is in decaauts)
 A = Elapsed time spent in this place.
 B = Non-inter-level travel time spent in this place.
 C = Inter-level travel time spent in this place.
 D = Time resting spent in this place.
 E = Time spent auto-exploring this place.
 F = Levels seen in this place.
 G = Mean time per level.
                   A        B        C        D        E       F      G
               +--------+--------+--------+--------+--------+-----+--------+
         Total |   3271 |   3173 |     98 |      0 |   2756 |   4 |  817.8 |
       Dungeon |   3271 |   3173 |     98 |      0 |   2756 |   4 |  817.8 |
               +--------+--------+--------+--------+--------+-----+--------+

Top non-repeatable levels by time:
     D:3: 1127 daAuts
     D:1: 1036 daAuts
     D:2: 838 daAuts
     D:4: 268 daAuts
